 Dungeon Crawl Stone Soup version 0.18.1-8-gdd0e5ea (webtiles) character file.

47429 Gagarin the Basher (level 14, -11/110 HPs)
             Began as a Demonspawn Abyssal Knight on May 23, 2016.
             Was the Champion of Lugonu.
             Mangled by an azure jelly (38 damage)
             ... on level 7 of the Lair of Beasts on May 26, 2016.
             The game lasted 02:15:36 (20523 turns).

Gagarin the Basher (Demonspawn Abyssal Knight)     Turns: 20523, Time: 02:15:38

Health: -11/110    AC: 27    Str: 17    XL:     14   Next: 8%
Magic:  16/20      EV: 16    Int: 14    God:    Lugonu [******]
Gold:   1312       SH: 13    Dex: 13    Spells: 2 memorised, 19 levels left

rFire  . . .     SeeInvis .     y - +2 flail (protect)
rCold  . . .     Gourm    .     R - +6 scale mail of the Kangaroo {Regen+}
rNeg   . . .     Faith    .     b - +2 shield
rPois  .         Spirit   .     (helmet restricted)
rElec  .         Dismiss  .     M - +2 cloak
rCorr  .         Reflect  .     w - +0 pair of gloves
SustAt .         Harm     .     x - +2 pair of boots
MR     +....                    I - amulet of regeneration
Stlth  +++.......               H - +4 ring of slaying
                                n - +2 ring of evasion

@: very slightly contaminated, invisible, somewhat resistant to hostile
enchantments, fairly stealthy
A: antennae 1, nightstalker 2, powered by death 1, sturdy frame 2
a: Depart the Abyss, Bend Space, Banish, Corrupt, Enter the Abyss, Brand Weapon
With Distortion, Renounce Religion


You were on level 7 of the Lair of Beasts.
You worshipped Lugonu.
Lugonu was exalted by your worship.
You were very hungry.

You visited 2 branches of the dungeon, and saw 21 of its levels.
You visited the Abyss 1 time.
You also visited: Sewer.

You collected 1312 gold pieces.

Inventory:

Hand Weapons
 y - a +2 flail of protection (weapon)
Missiles
 Y - 3 poisoned tomahawks (quivered)
Armour
 b - a +2 shield (worn)
 w - a +0 pair of gloves (worn)
 x - a +2 pair of boots (worn)
 M - a +2 cloak (worn)
 R - the +6 scale mail of the Kangaroo (worn) {Regen+}
   (You found it on level 11 of the Dungeon)

   It increases your rate of regeneration.
Jewellery
 e - an uncursed ring of see invisible
 g - an uncursed amulet of magic regeneration
 l - an uncursed ring of protection from magic
 n - a +2 ring of evasion (left hand)
 H - a +4 ring of slaying (right hand)
 I - an amulet of regeneration (around neck)
 X - an uncursed amulet of dismissal
Wands
 o - a wand of random effects (27/48)
 C - a wand of flame (20/48)
 L - a wand of digging (5/24)
 S - a wand of paralysis (17/24)
 W - a wand of iceblast (13/15)
Scrolls
 d - 5 scrolls of identify
 h - 9 scrolls of remove curse
 m - a scroll of enchant weapon
 u - 4 scrolls of fog
 v - 3 scrolls of magic mapping
 z - 2 scrolls of blinking
 A - 2 scrolls of immolation {unknown}
 J - a scroll of recharging
 Q - 2 scrolls of random uselessness {unknown}
 U - 3 scrolls of vulnerability {unknown}
Potions
 a - a potion of brilliance
 i - 8 potions of curing
 j - 5 potions of flight {unknown}
 k - a potion of invisibility
 p - a potion of beneficial mutation {unknown}
 r - a potion of degeneration {unknown}
 t - a potion of berserk rage
 B - a potion of mutation {unknown}
 E - 4 potions of lignification
 F - 2 potions of heal wounds
 G - a potion of might
 K - 2 potions of cancellation {unknown}
 T - a potion of agility
 V - a potion of ambrosia {unknown}
 Z - a potion of haste
Books
 N - a book of Air

   Spells                             Type                      Level
   a - Shock                          Conjuration/Air              1
   b - Swiftness                      Charms/Air                   2
   c - Repel Missiles                 Charms/Air                   2
   d - Static Discharge               Conjuration/Air              3
   e - Lightning Bolt                 Conjuration/Air              5
Miscellaneous
 O - a legendary deck of defence
Comestibles
 c - 7 fruits
 q - 4 beef jerkies
 s - 9 meat rations
 P - a slice of pizza


   Skills:
 + Level 10.2 Fighting
 + Level 10.6 Maces & Flails
 + Level 3.2 Throwing
 + Level 9.0 Armour
 + Level 9.5 Dodging
 + Level 1.9 Stealth
 + Level 9.7 Shields
 * Level 4.5 Spellcasting
 * Level 4.8 Translocations
 + Level 6.2 Invocations
 + Level 1.2 Evocations


You had 19 spell levels left.
You knew the following spells:

 Your Spells              Type           Power        Failure   Level  Hunger
a - Apportation           Tloc           ###.......   10%         1    None
b - Shroud of Golubria    Chrm/Tloc      ##........   30%         2    ##.....


Dungeon Overview and Level Annotations

Branches:
Dungeon (13/15)            Temple (0/1) D:7            Lair (8/8) D:11
 Shoals (0/4) Lair:5       Spider (0/4) Lair:3        Slime (0/6) Lair:8
    Orc (0/2) D:10         Vaults (0/5) D:13

Altars:
Fedhas
Nemelex Xobeh
Okawaru
Pakellas
Sif Muna
Yredelemnul
Jiyva

Shops:
D:8 }   D:11 }   D:12 (

Annotations:
D:12 Harold, Nergalle
Lair:3 Sonja; eragonby's ghost, journeyman TrMo


Innate Abilities, Weirdness & Mutations

You have a pair of small antennae on your head.
You are significantly more attuned to the shadows.
You regenerate a little health from kills.
Your movements are less encumbered by armour (ER -4).


Message History

There is an escape hatch in the ceiling here.
You block the azure jelly's attack. x2
The azure jelly hits you but does no damage.
The azure jelly closely misses you. A mysterious force pulls you upwards.
The hatch slams shut behind you.
Press: ? - help, Shift-Dir - straight line, f - azure jelly
Aim: an azure jelly (chance to defeat MR: 36%)
You fail to use your ability.
The azure jelly hits you but does no damage.
You block the azure jelly's attack. The azure jelly barely misses you.
The azure jelly hits you but does no damage.
Press: ? - help, Shift-Dir - straight line, f/p - azure jelly
Aim: an azure jelly (chance to defeat MR: 36%)
The azure jelly easily resists.
You are feeling very hungry.
The azure jelly hits you but does no damage.
The azure jelly hits you!
* * * LOW HITPOINT WARNING * * *
The azure jelly freezes you!!!
You die...

....................^.........#.#
..........................⌠...+.#
....(.........................#.#
......................#..##......
......................#......###.
.P..............P.......###.####.
.##...#....P#.#....##...###....##
##P..##.....##.....#....#........
#....##....###.J@.##....+...<...⌠
............##....###.....PP>..#.
#.....#.....###.....P...+...P..##
#.##.###....###.P..PP...##P.PPP##
#######....##.......P...###PPP.##
.#.......................###.....
.........................#..#....
.................................
.[...............................


You could see an azure jelly.

Vanquished Creatures
  Erolcha (D:8)
  Josephine (D:11)
  4 hydras
  4 death yaks
  The ghost of Xiguana the Grappler, a novice VSMo (D:9)
  3 hill giants
  Pikel (D:4)
  A cyclops (D:13)
  A manticore (D:12)
  A black mamba (Lair:6)
  11 elephants
  The ghost of F1L1N the Skirmisher, a novice MiBe of Trog (D:5)
  Joseph (Lair:1)
  Psyche (D:8)
  9 spiny frogs
  4 komodo dragons
  3 rime drakes
  A yaktaur (D:13)
  Prince Ribbit (D:5)
  3 two-headed ogres
  14 blink frogs (Lair:7)
  Grinder (D:5)
  Sigmund (D:3)
  5 wraiths (D:11)
  A spriggan (D:8)
  40 yaks
  2 wyverns
  3 basilisks
  A hungry ghost (D:8)
  16 hippogriffs
  A warg (Lair:1)
  A soldier ant (D:11)
  Edmund (D:5)
  15 water moccasins
  The ghost of kak the Conjurer, an amateur TeFE (Sewer)
  Duvessa (D:5)
  18 porcupines
  6 orc warriors
  3 ice beasts
  2 black bears
  2 phantoms
  4 sky beasts
  5 ogres
  4 eyes of draining
  A wasp (D:7)
  11 wolves
  9 centaurs
  10 crocodiles
  Blork the orc (D:4)
  3 big kobolds
  13 giant frogs
  3 gnoll sergeants
  Dowan (D:5)
  2 scorpions
  6 killer bees (D:10)
  15 wights
  2 howler monkeys
  4 crimson imps
  A giant frog zombie (D:7)
  8 hounds
  2 centaur zombies
  2 centaur skeletons
  A giant frog skeleton (D:10)
  8 orc priests
  Crazy Yiuf (D:4)
  4 jellies
  16 orc wizards
  6 iguanas
  11 worker ants
  18 sheep
  3 hound skeletons
  2 worker ant zombies
  10 gnolls
  A howler monkey skeleton (D:10)
  23 adders
  89 river rats
  2 shadow imps
  An ooze (D:3)
  An adder zombie (D:5)
  4 adder skeletons
  2 worms
  A dart slug (D:2)
  4 giant geckos
  24 orcs
  5 ball pythons
  6 giant cockroaches
  5 goblins
  3 hobgoblins
  4 jackals
  5 quokkas
  6 bats
  2 giant newts
  30 kobolds
  A quokka zombie (D:5)
  21 rats
  A fungus (Lair:3)
  A plant (Lair:4)
617 creatures vanquished.

Vanquished Creatures (others)
  The ghost of Xiguana the Grappler, a journeyman VSMo (Lair:4)
  An orc wizard (D:8)
  An ooze (D:4)
  15 fungi
  6 plants
24 creatures vanquished.

Grand Total: 641 creatures vanquished

Notes
Turn   | Place    | Note
--------------------------------------------------------------
     0 | Abyss:1  | Gagarin the Demonspawn Abyssal Knight began the quest for the Orb.
     0 | Abyss:1  | Reached XP level 1. HP: 18/18 MP: 2/2
     9 | D:1      | Escaped the Abyss
   432 | D:1      | Found a sparkling altar of Nemelex Xobeh.
   523 | D:1      | Gained mutation: You regenerate a little health from kills. [demonic ancestry]
   523 | D:1      | Reached XP level 2. HP: 18/24 MP: 3/3
  1428 | D:2      | Reached skill level 1 in Dodging
  1474 | D:2      | Reached XP level 3. HP: 27/30 MP: 4/4
  1573 | D:2      | Reached ** piety under Lugonu
  1872 | D:3      | Reached XP level 4. HP: 37/37 MP: 5/5
  1874 | D:3      | Found an iron altar of Okawaru.
  1884 | D:3      | Reached skill level 1 in Stealth
  1901 | D:3      | Found a glowing drain.
  1967 | Sewer    | Entered a sewer
  2019 | Sewer    | Noticed kak's ghost (amateur TeFE)
  2030 | Sewer    | Killed kak's ghost
  2030 | Sewer    | Reached skill level 1 in Shields
  2030 | Sewer    | Gained mutation: Your movements are slightly less encumbered by armour (ER -2). [demonic ancestry]
  2030 | Sewer    | Reached XP level 5. HP: 25/42 MP: 6/6
  2060 | Sewer    | Reached *** piety under Lugonu
  2201 | Sewer    | Reached XP level 6. HP: 32/48 MP: 7/7
  2823 | D:3      | Reached **** piety under Lugonu
  2856 | D:3      | Noticed Sigmund
  2891 | D:3      | Killed Sigmund
  2891 | D:3      | Reached XP level 7. HP: 13/55 MP: 8/8
  3045 | D:3      | Found a blossoming altar of Fedhas.
  3373 | D:4      | Noticed Pikel
  3393 | D:4      | Killed Pikel
  3393 | D:4      | Reached skill level 5 in Fighting
  3393 | D:4      | Gained mutation: You are slightly more attuned to the shadows. [demonic ancestry]
  3393 | D:4      | Reached XP level 8. HP: 10/62 MP: 8/10
  3567 | D:4      | Noticed Blork the orc
  3604 | D:4      | Killed Blork the orc
  3861 | D:4      | Noticed Crazy Yiuf
  3877 | D:4      | Killed Crazy Yiuf
  4313 | D:5      | Entered Level 5 of the Dungeon
  4321 | D:5      | Noticed F1L1N's ghost (novice MiBe)
  4364 | D:5      | Killed F1L1N's ghost
  4364 | D:5      | Reached skill level 5 in Armour
  4596 | D:5      | Reached skill level 5 in Maces & Flails
  4954 | D:5      | Gained mutation: You have a pair of small antennae on your head. [demonic ancestry]
  4954 | D:5      | Reached XP level 9. HP: 31/69 MP: 11/11
  5152 | D:5      | Reached skill level 1 in Throwing
  5193 | D:5      | Noticed Prince Ribbit
  5237 | D:5      | Killed Prince Ribbit
  5512 | D:6      | Noticed Edmund
  5515 | D:6      | Noticed Grinder
  5530 | D:5      | Killed Edmund
  5564 | D:5      | Paralysed by Grinder for 2 turns
  5569 | D:5      | Killed Grinder
  5589 | D:6      | Noticed Dowan
  5590 | D:6      | Noticed Duvessa
  5630 | D:5      | Killed Duvessa
  5639 | D:5      | Killed Dowan
  5639 | D:5      | Reached ***** piety under Lugonu
  6509 | D:7      | Reached XP level 10. HP: 77/77 MP: 13/13
  6786 | D:7      | Found a staircase to the Ecumenical Temple.
  6813 | D:7      | Paralysed by a wasp for 2 turns
  6869 | D:7      | Found a basalt altar of Yredelemnul.
  7180 | D:8      | Reached skill level 5 in Dodging
  7286 | D:8      | Noticed Psyche
  7293 | D:8      | Paralysed by Psyche for 6 turns
  7304 | D:8      | Paralysed by something for 7 turns
  7312 | D:8      | Killed Psyche
  7431 | D:8      | Reached skill level 5 in Shields
  7779 | D:8      | Found Xaytappo's Gadget Shop.
  7965 | D:8      | Noticed Erolcha
  7966 | D:8      | Paralysed by Erolcha for 3 turns
  7993 | D:8      | Killed Erolcha
  8167 | D:9      | Noticed Xiguana's ghost (novice VSMo)
  8231 | D:9      | Killed Xiguana's ghost
  8231 | D:9      | Reached XP level 11. HP: 28/85 MP: 14/14
  8441 | D:9      | Learned a level 1 spell: Apportation
  8674 | D:9      | Reached ****** piety under Lugonu
  9233 | D:10     | Entered Level 10 of the Dungeon
  9487 | D:10     | Found a staircase to the Orcish Mines.
  9496 | D:10     | Noticed a hill giant
  9517 | D:10     | Killed a hill giant
  9517 | D:10     | Reached skill level 5 in Invocations
  9776 | D:10     | Noticed a hill giant
  9789 | D:10     | Killed a hill giant
 10176 | D:11     | Got a scorched scale mail
 10192 | D:11     | Identified the +6 scale mail of the Kangaroo {Regen+} (You found it on level 11 of the Dungeon)
 10271 | D:11     | Found a staircase to the Lair.
 10381 | D:11     | Noticed Josephine
 10471 | D:11     | Killed Josephine
 10615 | D:11     | Found Kaben's Gadget Shoppe.
 10721 | D:12     | Found Acegov's Weapon Shop.
 10729 | D:12     | Noticed Nergalle
 10738 | D:12     | Noticed a spectral orc warlord
 10759 | D:13     | Found a gate to the Vaults.
 10759 | D:13     | Noticed an ogre mage
 10876 | D:13     | Noticed a hill giant
 10885 | D:13     | Killed a hill giant
 10885 | D:13     | Reached skill level 1 in Evocations
 11016 | D:13     | Gained mutation: Your movements are less encumbered by armour (ER -4). [demonic ancestry]
 11016 | D:13     | Reached XP level 12. HP: 83/94 MP: 5/16
 11130 | D:12     | Noticed Harold
 11236 | D:11     | Noticed an eight-headed hydra
 11246 | D:11     | Killed an eight-headed hydra
 11317 | Lair:1   | Entered Level 1 of the Lair of Beasts
 11417 | Lair:1   | Found an oddly glowing altar of Pakellas.
 11713 | Lair:1   | Noticed Joseph
 11728 | Lair:1   | Killed Joseph
 13230 | Lair:2   | Learned a level 2 spell: Shroud of Golubria
 13459 | Lair:3   | Noticed Sonja
 13641 | Lair:3   | Reached skill level 1 in Translocations
 13650 | Lair:3   | Found a hole to the Spider Nest.
 13889 | Lair:3   | Noticed eragonby's ghost (journeyman TrMo)
 13915 | Lair:3   | HP: 1/95 [eragonby's ghost (11)]
 14155 | Lair:4   | Noticed Xiguana's ghost (journeyman VSMo)
 14221 | Lair:4   | Banished Xiguana's ghost
 14426 | Lair:4   | Reached skill level 1 in Spellcasting
 14470 | Lair:4   | Found a deep blue altar of Sif Muna.
 15336 | Lair:5   | Reached XP level 13. HP: 101/101 MP: 17/17
 15627 | Lair:5   | Found a staircase to the Shoals.
 15640 | Lair:5   | Reached skill level 10 in Maces & Flails
 16898 | Lair:6   | Got an ichor-stained plate armour
 16899 | Lair:6   | Identified the +1 plate armour of the Cockroach {rF- rCorr Dex+2 Stlth+} (You found it on level 6 of the Lair of Beasts)
 18191 | Lair:8   | Entered Level 8 of the Lair of Beasts
 19540 | Lair:7   | Reached skill level 10 in Fighting
 20130 | Lair:7   | Gained mutation: You are significantly more attuned to the shadows. [demonic ancestry]
 20130 | Lair:7   | Reached XP level 14. HP: 52/110 MP: 20/20
 20336 | Lair:8   | Found a runed door.
 20336 | Lair:8   | Found a viscous altar of Jiyva.
 20336 | Lair:8   | Found a staircase to the Slime Pits.
 20336 | Lair:8   | Noticed an azure jelly
 20337 | Lair:8   | Noticed an azure jelly
 20352 | Lair:8   | HP: 2/110 [azure jelly (5)]
 20523 | Lair:7   | Mangled by an azure jelly

Skill      XL: |  1  2  3  4  5  6  7  8  9 10 11 12 13 |
---------------+----------------------------------------+-----
Maces & Flails | 2 3 4 5 6 8 9 10 | 10.6
Dodging        | 1 2 3 4 5 7 8 9 |  9.5
Armour         | 2 3 4 5 6 7 8 9 |  9.0
Stealth        | 1 |  1.9
Fighting       | 4 5 6 7 8 9 10 | 10.2
Shields        | 1 2 3 4 5 7 8 9 |  9.7
Invocations    | 3 4 5 6 |  6.2
Throwing       | 1 2 3 |  3.2
Evocations     | 1 |  1.2
Translocations | 2 4 |  4.8
Spellcasting   | 1 4 |  4.5

Action                   |  1- 3 |  4- 6 |  7- 9 | 10-12 | 13-15 || total
-------------------------+-------+-------+-------+-------+-------++-------
Melee: Mace              |   136 |   303 |   226 |       |       ||   665
       Whip              |       |       |   165 |       |       ||   165
       Flail             |       |       |   204 |  2097 |  1331 ||  3632
Throw: Tomahawk          |    12 |       |    16 |    43 |       ||    71
 Cast: Shroud of Golubri |       |       |       |       |     1 ||     1
Invok: Bend Space        |       |       |     7 |    18 |    12 ||    37
       Banish            |       |       |       |     2 |     1 ||     3
Evoke: Wand              |       |     3 |     2 |     6 |     3 ||    14
  Use: Potion            |       |     5 |     3 |     7 |     6 ||    21
       Scroll            |       |     1 |     3 |    21 |     4 ||    29
 Stab: Sleeping          |     1 |       |       |     5 |     1 ||     7
  Eat: Chunk             |     3 |     5 |    12 |    24 |    17 ||    61
       Pizza             |       |       |     1 |     1 |     2 ||     4
       Fruit             |       |       |       |     6 |       ||     6
       Bread ration      |       |       |       |     1 |       ||     1
       Beef jerky        |       |       |       |     1 |       ||     1
Armor: Leather armour    |    18 |       |       |       |       ||    18
       Plate armour      |    99 |   337 |     3 |       |       ||   439
       Skin              |       |    21 |    13 |       |       ||    34
       Chain mail        |       |       |   323 |   177 |       ||   500
       Ring mail         |       |       |       |   165 |       ||   165
       Scale mail        |       |       |       |   461 |   698 ||  1159
Dodge: Dodged            |    32 |   178 |   304 |  1182 |  1044 ||  2740
Block: Buckler           |    22 |    87 |   140 |   330 |       ||   579
       Shield            |       |       |       |   831 |  1262 ||  2093
